Map: Ascension to Aiur LE

Players

Bly - Winner!

  • Race: Zerg Zerg
  • Spawn Location: 11:00

Rail

  • Race: Protoss Protoss
  • Spawn Location: 5:00

Event: WESG Barcelona European Finals 2017

VOD

Have the link to the VOD?

Description

Time

  • Played on: Nov. 23, 2017, 10:13 a.m.
  • Length: 13:55

All games in this series

Show
View Real Time Build Order
Export as new Build Order

Bly Zerg - Winner!

Build Orders: Hatch First, Muta Ling Bane 

Get SALT Encoding   

  12  0:01  Drone  
  13  0:13  Overlord  
  13  0:17  Drone  
  14  0:31  Drone x2  
  16  0:37  Drone  
  17  0:51  Hatchery  
  17  0:57  Drone  
  17  0:58  Drone  
  17  1:04  Extractor  
  17  1:13  Spawning Pool  
  17  1:17  Drone  
  17  1:20  Drone  
  18  1:28  Drone  
  19  1:41  Overlord  
  19  1:51  Drone  
  20  2:00  Queen  
  22  2:02  Queen  
  22  2:04  Zergling x4  
  22  2:08  Metabolic Boost  
  26  2:14  Drone  
  27  2:15  Drone  
  28  2:32  Hatchery  
  27  2:37  Drone x2  
  29  2:45  Drone x2  
  29  2:48  Overlord  
  31  2:54  Queen  
  33  3:04  Overlord  
  33  3:09  Drone x4  
  36  3:19  Overlord  
  35  3:21  Drone  
  35  3:22  Drone x3  
  39  3:30  Drone  
  39  3:31  Drone  
  41  3:41  Zergling x4  
  41  3:46  Zergling x8  
  47  3:49  Drone x5  
  47  3:52  Queen  
  54  4:08  Drone x3  
  54  4:09  Overlord  
  54  4:12  Drone x2  
  54  4:13  Spore Crawler x2  
  54  4:15  Spore Crawler  
  53  4:22  Drone x5  
  58  4:28  Lair  
  58  4:35  Overlord  
  58  4:36  Overlord  
  58  4:45  Roach Warren, Extractor  
  56  4:46  Drone  
  56  4:47  Drone  
  56  4:48  Overlord x2  
  58  4:54  Overlord  
  58  4:56  Drone x6  
  64  5:00  Drone x3  
  67  5:11  Drone x6  
  73  5:15  Extractor  
  73  5:16  Extractor  
  73  5:18  Hatchery  
  70  5:27  Glial Reconstitution  
  70  5:35  Drone x2  
  70  5:36  Drone  
  70  5:39  Overlord  
  70  5:40  Overseer  
  70  5:41  Roach x4  
  70  5:42  Roach x2  
  84  5:52  Roach x4  
  84  5:54  Overlord  
  84  5:55  Overlord  
  92  6:02  Roach  
  92  6:03  Roach x4  
  102  6:04  Overlord  
  101  6:17  Roach  
  101  6:18  Roach x6  
  114  6:28  Drone x2  
  114  6:30  Extractor  
  114  6:31  Extractor  
  114  6:35  Drone x7  
  114  6:36  Drone x4  
  125  6:44  Spire  
  123  6:48  Extractor, Overlord  
  123  6:51  Extractor, Overlord  
  123  6:52  Evolution Chamber  
  120  6:54  Baneling Nest  
  119  7:04  Overlord  
  115  7:19  Roach  
  115  7:20  Roach x11  
  123  7:33  Drone x6  
  123  7:36  Zerg Melee Weapons Level 1  
  129  7:38  Zergling x6  
  129  7:39  Zergling x12  
  138  7:45  Overlord  
  138  7:55  Overlord x2  
  138  7:56  Mutalisk x3  
  144  7:59  Mutalisk x4  
  152  8:06  Overseer  
  152  8:10  Mutalisk x3  
  152  8:11  Hatchery  
  157  8:28  Overlord  
  157  8:30  Drone  
  157  8:31  Drone x4  
  157  8:32  Drone  
  163  8:34  Zergling x2  
  163  8:35  Centrifical Hooks, Zergling x12  
  163  8:36  Overlord  
  170  8:45  Drone x2  
  170  8:46  Drone x4  
  176  8:48  Overlord x2  
  176  8:50  Spine Crawler  
  176  8:52  Infestation Pit  
  174  9:03  Mutalisk x8  
  174  9:05  Overlord  
  186  9:16  Zergling x2  
  185  9:17  Zergling x14  
  185  9:22  Drone x4  
  196  9:26  Spine Crawler x2, Zerg Flyer Weapons Level 1  
  196  9:30  Zerg Melee Weapons Level 2  
  194  9:36  Overseer  
  194  9:39  Hive  
  194  9:45  Baneling x9  
  194  9:50  Spine Crawler  
  194  9:51  Spine Crawler  
  192  9:53  Spine Crawler  
  179  10:04  Mutalisk x7  
  191  10:14  Spine Crawler  
  191  10:15  Spine Crawler  
  191  10:19  Ravager  
  191  10:20  Ravager x4  
  191  10:25  Ravager  
  190  10:29  Ravager x2  
  190  10:30  Zergling x2  
  193  10:37  Baneling x6  
  193  10:40  Zergling x2  
  193  10:41  Zergling x14  
  197  10:53  Baneling x14  
  189  11:08  Zergling x18  
  189  11:09  Zergling x2  
  176  11:19  Zergling x2  
  176  11:20  Zergling x36  
  176  11:24  Ravager x4  
  195  11:30  Zergling x4  
  194  11:33  Greater Spire  
  194  11:35  Zergling x6  
  194  11:37  Baneling x6  
  194  11:38  Baneling  
  194  11:39  Baneling  
  193  11:47  Baneling x10  
  193  11:48  Baneling x9  
  188  11:56  Zergling x20  
  188  12:00  Baneling x13  
  176  12:25  Corruptor x5  
  176  12:29  Zergling x30  
  199  12:35  Baneling x6  
  198  12:49  Baneling x3  
  198  12:50  Baneling x3  
  187  13:03  Brood Lord  
  187  13:04  Brood Lord  
  187  13:05  Brood Lord x2  
  194  13:15  Spine Crawler  
  194  13:16  Spine Crawler  
  194  13:17  Spine Crawler x4  
  170  13:24  Zergling x26  
  170  13:25  Zergling x16  
  176  13:28  Ravager x3  
  176  13:31  Brood Lord  
  174  13:34  Spine Crawler  
Show
View Real Time Build Order
Export as new Build Order

Rail Protoss 

Build Orders: 1 Gate Expand, Phoenix Opening, Archon Immortal, Zealot Archon, Archon Drop 

Get SALT Encoding   

  12  0:00  Probe (Chrono Boost)  
  13  0:12  Probe (Chrono Boost)  
  14  0:15  Probe (Chrono Boost)  
  15  0:22  Pylon  
  15  0:40  Probe  
  15  0:41  Gateway  
  16  0:45  Assimilator  
  16  0:52  Probe  
  17  1:04  Probe  
  18  1:16  Probe  
  19  1:22  Nexus  
  19  1:30  Cybernetics Core  
  19  1:34  Probe  
  19  1:39  Assimilator  
  20  1:46  Probe  
  21  1:51  Pylon  
  21  1:58  Probe (Chrono Boost)  
  22  2:07  Warp Gate  
  22  2:09  Adept (Chrono Boost)  
  22  2:10  Probe (Chrono Boost)  
  25  2:19  Probe (Chrono Boost)  
  26  2:24  Probe  
  29  2:31  Stalker (Chrono Boost)  
  29  2:34  Probe  
  30  2:40  Probe (Chrono Boost)  
  30  2:42  Stargate  
  31  2:46  Probe (Chrono Boost)  
  33  2:57  Probe x2 (Chrono Boost)  
  36  2:58  Adept  
  36  3:01  Probe  
  36  3:02  Probe  
  37  3:13  Probe  
  37  3:14  Probe  
  39  3:25  Probe, Phoenix  
  42  3:31  Gateway  
  42  3:33  Probe (Chrono Boost)  
  43  3:39  Probe (Chrono Boost)  
  43  3:41  Pylon  
  44  3:45  Probe (Chrono Boost)  
  44  3:47  Pylon  
  46  3:49  Probe (Chrono Boost)  
  46  3:50  Assimilator  
  46  3:52  Assimilator  
  46  3:59  Probe x2  
  46  4:00  Oracle  
  47  4:11  Probe x2  
  47  4:14  Robotics Facility  
  47  4:15  Twilight Council  
  49  4:20  Forge  
  49  4:23  Probe (Chrono Boost)  
  51  4:28  Probe (Chrono Boost)  
  51  4:35  Probe (Chrono Boost)  
  53  4:38  Gateway  
  53  4:39  Gateway  
  53  4:40  Probe x2 (Chrono Boost)  
  53  4:44  Zealot x2  
  58  4:50  Probe  
  59  4:52  Charge  
  59  4:53  Pylon  
  59  5:00  Warp Prism  
  59  5:06  Protoss Ground Weapons Level 1 (Chrono Boost), Templar Archives  
  61  5:10  Probe  
  62  5:14  Adept  
  64  5:24  Nexus  
  64  5:26  Pylon  
  64  5:39  Gateway  
  64  5:40  Gateway  
  64  5:48  Gateway x2, Observer  
  65  5:53  Probe x2, Pylon  
  67  6:05  Probe  
  67  6:09  High Templar x3  
  67  6:10  High Templar  
  67  6:11  Probe  
  77  6:13  Archon x2  
  77  6:14  Immortal (Chrono Boost)  
  77  6:17  Probe  
  82  6:23  Probe  
  83  6:32  Probe (Chrono Boost)  
  84  6:37  Pylon  
  84  6:38  Probe (Chrono Boost)  
  88  6:48  Probe x3 (Chrono Boost)  
  88  6:50  Probe  
  88  6:52  Sentry, High Templar x2  
  88  6:53  Probe, Zealot x2  
  100  6:56  Probe  
  100  6:57  Pylon x2, Archon, Zealot  
  100  7:00  Photon Cannon, Assimilator  
  103  7:02  Probe  
  103  7:04  Assimilator  
  103  7:05  Probe, Stalker  
  107  7:11  Probe  
  107  7:14  Immortal  
  107  7:15  Stalker  
  107  7:19  Zealot x3  
  107  7:21  Zealot  
  107  7:22  Probe  
  112  7:23  Probe  
  112  7:28  Probe  
  114  7:33  Protoss Ground Weapons Level 2 (Chrono Boost), Stalker x2  
  114  7:36  Pylon  
  118  7:46  Stalker  
  118  7:48  Shield Battery  
  118  7:50  Pylon  
  120  7:51  Gateway  
  120  7:52  Gateway  
  120  7:59  Photon Cannon, Shield Battery  
  120  8:01  Immortal (Chrono Boost)  
  120  8:04  Sentry  
  126  8:08  Pylon  
  126  8:09  Pylon  
  126  8:17  Probe  
  126  8:18  Blink (Chrono Boost)  
  127  8:22  Psionic Storm  
  127  8:24  Pylon  
  127  8:28  Stalker x2  
  127  8:29  Stalker x3  
  141  8:41  Shield Battery  
  141  8:43  Immortal (Chrono Boost)  
  141  8:46  High Templar  
  141  8:47  Stalker  
  143  8:50  Pylon  
  143  8:51  Shield Battery  
  143  8:53  Zealot  
  144  9:15  Immortal  
  144  9:16  High Templar x2, Stalker  
  154  9:17  Zealot x3, Stalker  
  154  9:19  Pylon  
  162  9:24  Photon Cannon  
  162  9:26  Photon Cannon  
  162  9:34  Zealot  
  164  9:38  Protoss Ground Weapons Level 3 (Chrono Boost)  
  164  9:49  Stalker  
  164  9:50  Stalker  
  168  9:55  Stalker x2  
  168  9:57  Pylon  
  166  10:00  Pylon  
  166  10:10  Pylon  
  166  10:11  Pylon  
  166  10:13  Observer  
  167  10:21  Stalker x2  
  167  10:22  Stalker  
  167  10:28  Zealot, Stalker  
  175  10:29  Zealot x3  
  175  10:34  Observer  
  184  10:43  Stalker x2  
  188  10:53  High Templar x2  
  188  10:54  Zealot x5  
  200  11:00  Archon, Stalker  
  194  11:15  Archon  
  194  11:17  Stalker x4  
  172  11:23  Stalker x4  
  172  11:24  Immortal  
  180  11:28  Zealot  
  180  11:29  Zealot  
  176  11:38  Probe x3  
  164  11:43  High Templar x4  
  166  11:50  Probe x2  
  166  11:52  Archon x2  
  166  11:53  Zealot x6  
  176  12:15  High Templar x2  
  170  12:22  High Templar x2, Zealot  
  145  12:23  Zealot x3  
  145  12:28  Archon x2, Zealot  
  145  12:29  Zealot  
  157  12:30  Immortal  
  161  12:51  Stalker  
  161  12:52  Stalker x2  
  166  13:02  Stalker x2  
  170  13:11  Stalker  
  170  13:12  Stalker x3  
  174  13:13  Stalker x3  
  152  13:25  Stalker  
  152  13:26  Stalker x2  
  142  13:38  Stalker x3  
  142  13:39  Stalker  
Tags
 
Add a new tag
Caveats
  • Supply blocks, unpowered buildings, or Contaminate may cause inaccurate times.
  • Supply counts are checked every 10 seconds.